 Dungeon Crawl Stone Soup version 0.30.1-4-g462c640d31 (webtiles) character file.

Game seed: 10965064694037461701

126 Babbit the Covered (level 4, -1/41 HPs)
             Began as a Minotaur Fighter on Aug 11, 2023.
             Slain by an orc
             ... wielding a +0 club
              (3 damage)
             ... on level 3 of the Dungeon.
             The game lasted 00:04:23 (1608 turns).

Babbit the Covered (Minotaur Fighter)               Turns: 1608, Time: 00:04:24

Health: -1/41      AC:  8    Str: 22    XL:     4   Next: 83%
Magic:  3/3        EV:  9    Int:  5    God:
Gold:   125        SH:  4    Dex: 10    Spells: 3/3 levels left

rFire   . . .        a - +0 war axe
rCold   . . .        c - +0 buckler
rNeg    . . .        b - +0 scale mail
rPois   .            (helmet restricted)
rElec   .            (no cloak)
rCorr   .            (no gloves)
SInv    .            k - +0 pair of boots
Will    .....        (no amulet) Stlth
                     (no ring)
HPRegen 0.26/turn    (no ring)
MPRegen 0.08/turn

%: no passive effects
@: brilliant
A: horns 2, retaliatory headbutt
a: no special abilities


You were on level 3 of the Dungeon.
You visited 1 branch of the dungeon, and saw 3 of its levels.

You collected 125 gold pieces.

Inventory:

Hand Weapons
 a - a +0 war axe (weapon)
Armour
 b - a +0 scale mail (worn)
 c - a +0 buckler (worn)
 k - a +0 pair of boots (worn)
Scrolls
 g - a scroll of teleportation {unknown}
 h - a scroll of fear {unknown}
 i - a scroll of magic mapping {unknown}
 j - a scroll of identify
 m - a scroll of torment {unknown}
 o - a scroll of immolation {unknown}
 p - a scroll of fog {unknown}
Potions
 d - a potion of might
 f - 2 potions of curing
 l - a potion of haste {unknown}
 n - a potion of resistance {unknown}


   Skills:
 + Level 4.5 Fighting
 + Level 3.7 Axes
 + Level 4.6 Armour
 + Level 0.5 Dodging
 + Level 0.1 Stealth
 + Level 4.4 Shields


You had 3 spell levels left.
You didn't know any spells.
Your spell library was empty.

Dungeon Overview and Level Annotations

Branches:
Dungeon (3/15)

Altars:
Cheibriados
Kikubaaqudgha
The Shining One


Innate Abilities, Weirdness & Mutations

You have a pair of horns on your head.
You reflexively headbutt those who attack you in melee.


Message History

Deactivating autopickup; reactivate with Ctrl-A.
The orc closely misses you.
The orc priest hits you but does no damage.
You hit the orc priest.
The orc priest is moderately wounded.
You closely miss the orc. The orc priest closely misses you.
The orc barely misses you.
You hit the orc priest. Your headbutt misses the orc priest.
The orc priest is heavily wounded.
You miss something. You closely miss the orc.
A quokka comes into view.
The orc priest hits you but does no damage.
You are electrocuted!
Something hits you. The orc barely misses you.
You hit the orc priest.
The orc priest is severely wounded.
You closely miss something. You completely miss the orc.
The orc priest hits you but does no damage.
You hear some strange, mumbled words.
Something tries to affect you, but you resist.
You block the orc's attack. Something hits you. You block the orc's attack.
The orc priest mumbles some strange prayers to Beogh against you.
Beogh smites you!
* * * LOW HITPOINT WARNING * * *
As you read the scroll labelled ZUMINOSCHUW, it crumbles to dust.
It is a scroll of identify.
f - 2 potions of curing The orc priest calls upon Beogh to heal the orc.
The orc's wounds heal themselves!
Something hits you.
* * * LOW HITPOINT WARNING * * *
The orc hits you with a +0 club.
* * * LOW HITPOINT WARNING * * *
You slash the orc priest!
You kill the orc priest!
You barely miss something. You barely miss the orc.
Something hits you but does no damage. The orc barely misses you.
The quokka barely misses you. You furiously retaliate!
You headbutt the quokka.
It was a potion of brilliance.
You feel clever all of a sudden. Something hits you but does no damage.
The orc hits you with a +0 club.
You die...

#..# #.[## #.... ....
#..# #g.# #{r# # #@o#
#.#######..#
#..........####
###..####...$...#
#.......#.#####.#
#.#..>....# #.#
#.....#.#.# #.# #
#.....#.#.# #.#####.#
#..###....#####.......#


You could see an orc, a quokka and a hobgoblin.

Vanquished Creatures
  An orc priest (D:3)
  3 adders
  2 worms (D:3)
  3 dart slugs
  4 ball pythons
  8 endoplasms
  4 giant cockroaches (D:1)
  5 goblins
  4 hobgoblins
  2 kobolds (D:1)
  5 quokkas
  5 bats
  4 frilled lizards
  4 rats
54 creatures vanquished.

Notes
Turn   | Place    | Note
-------+----------+-------------------------------------------
     0 | D:1      | Babbit the Minotaur Fighter began the quest for the Orb.
     0 | D:1      | Reached XP level 1. HP: 19/19 MP: 0/0
    50 | D:1      | Reached XP level 2. HP: 25/27 MP: 1/1
   588 | D:1      | Reached XP level 3. HP: 33/33 MP: 2/2
  1353 | D:3      | Found a glowing golden altar of the Shining One.
  1368 | D:3      | Reached XP level 4. HP: 41/41 MP: 3/3
  1396 | D:3      | Found an ancient bone altar of Kikubaaqudgha.
  1403 | D:3      | Found a snail-covered altar of Cheibriados.
  1606 | D:3      | HP: 1/41 [orc/+0 club (4)]
  1608 | D:3      | Slain by an orc

Illustrated notes

Levels and vault maps discovered:
D:1:      eino_arrival_cavern_b, layout_basic
D:2:      layout_rooms, kennysheep_decorative_pillar
D:3:      layout_loops_ring, trog_hazing_becter, lemuel_crystal_altar,
          fedhas_altar_fruit_tree, mainiacjoe_overflow_large_starburst

Skill      XL: |  1  2  3 |
---------------+----------+-----
Shields        | 4 |  4.4
Fighting       | 4 |  4.5
Armour         | 4 |  4.6
Axes           | 3 |  3.7
Dodging        | |  0.5
Stealth        | |  0.1

Action                     |  1- 3 |  4- 6 || total
---------------------------+-------+-------++-------
  Melee: War axe           |    91 |    24 ||   115
         Headbutt          |    10 |     3 ||    13
    Use: Scroll            |       |     1 ||     1
         Potion            |       |     1 ||     1
 Armour: Scale mail        |    44 |    16 ||    60
  Dodge: Dodged            |    40 |     9 ||    49
  Block: Buckler           |    20 |     7 ||    27
